 Dungeon Crawl Stone Soup version 0.30-a0-715-gdb4ae3ece1 (webtiles) character file.

Game seed: 10402916336372332915

975 BigDaddyOpFi the Trooper (level 7, -7/54 (56) HPs)
             Began as a Demonspawn Fighter on Jan 24, 2023.
             Mangled by a wight
             ... wielding a +2 battleaxe
              (14 damage)
             ... on level 6 of the Dungeon.
             The game lasted 00:05:23 (4458 turns).

BigDaddyOpFi the Trooper (Demonspawn Fighter)       Turns: 4458, Time: 00:05:23

HP:   -7/54 (56)    AC: 12    Str: 18    XL:     7   Next: 95%
MP:   7/7           EV:  5    Int: 10    God:
Gold: 233           SH:  9    Dex: 12    Spells: 6/6 levels left

rFire   . . .      SeeInvis +    a - +2 war axe
rCold   . . .      Faith    .    b - +0 kite shield
rNeg    . . .      Spirit   .    y - +1 chain mail
rPois   +          Reflect  .    (helmet unavailable)
rElec   .          Harm     .    q - +0 cloak
rCorr   .          Rampage  .    (no gloves)
Will    .....                    (no boots) Stlth
                                 (no amulet)
HPRegen 0.29/turn                n - ring of see invisible
MPRegen 0.10/turn                t - ring of poison resistance

@: lightly drained
A: claws 1, horns 3
a: no special abilities


You were on level 6 of the Dungeon.
You visited 1 branch of the dungeon, and saw 6 of its levels.

You collected 233 gold pieces.

Inventory:

Hand Weapons
 a - a +2 war axe (weapon)
Armour
 b - a +0 kite shield (worn)
 c - a +0 buckler
 q - a +0 cloak (worn)
 y - a +1 chain mail (worn)
Jewellery
 n - a ring of see invisible (left claw)
 t - a ring of poison resistance (right claw)
Wands
 d - a wand of acid (8) (quivered)
 w - a wand of polymorph (13)
Scrolls
 f - a scroll of enchant weapon
 g - 2 scrolls of identify
 j - 3 scrolls of teleportation
 l - 2 scrolls of poison
Potions
 e - 2 potions of degeneration
 s - a potion of brilliance {unknown}
 u - a potion of flight {unknown}


   Skills:
 + Level 5.4 Fighting
 + Level 4.4 Axes
 + Level 4.9 Armour
 + Level 4.9 Shields


You had 6 spell levels left.
You didn't know any spells.
Your spell library contained the following spells:

 Spells                   Type           Power      Damage    Failure   Level
 Foxfire                  Conj/Fire      0%         2x1d4     100%        1
 Necrotise                Necr           0%         1d4       100%        1
 Vampiric Draining        Necr           0%         2d6       100%        3
 Agony                    Necr           0%         N/A       100%        5
 Fireball                 Conj/Fire      0%         3d3       100%        5
 Starburst                Conj/Fire      0%         6d3       100%        6


Dungeon Overview and Level Annotations

Branches:
Dungeon (6/15)
 Temple: D:4-7

Altars:


Innate Abilities, Weirdness & Mutations

You have sharp fingernails.
You have a pair of large horns on your head.


Message History

g - 2 scrolls of identify (gained 1)
Found 2 stones.
Found a whip.
No target in view!
A wight comes into view. It is wielding a +2 battleaxe.
You see here 8 gold pieces.
A wight comes into view. It is wielding a +3 hand axe.
There are monsters nearby!
It was a potion of heal wounds.
You feel much better.
You slash the wight! Your headbutt misses the wight.
The wight is severely damaged.
The wight barely misses you. The wight hits you with a +2 battleaxe!
You hit the wight but do no damage.
You headbutt the wight, but do no damage.
The wight is severely damaged.
The wight hits you with a +2 battleaxe!
You barely miss the wight.
The wight is severely damaged.
The wight hits you with a +2 battleaxe! You block the wight's attack.
The wight barely misses you.
You hit the wight. Your headbutt misses the wight.
The wight is severely damaged.
You closely miss the wight. The wight hits you with a +2 battleaxe!
You feel drained.
* * * LOW HITPOINT WARNING * * *
You block the wight's attack.
You hit the wight but do no damage.
The wight is severely damaged.
You slash the wight! The wight hits you with a +2 battleaxe.
* * * LOW HITPOINT WARNING * * *
You feel drained.
* * * LOW HITPOINT WARNING * * *
The wight barely misses you.
You slash the wight!
The wight is almost destroyed.
You closely miss the wight. The wight barely misses you.
The wight hits you with a +3 hand axe.
* * * LOW HITPOINT WARNING * * *
The wight barely misses you. The wight hits you with a +2 battleaxe!
You die...

.. .. .# #. ..... ####
#. #.#.#.##.# ....#.
#.#.#.##.##.
#..#.##.#.#.##...
.....#.#.#.##.##
####.#............. #
....[.z@.(.......# .#
.#####z#.$#.#.##.##..#
....................#
#####.#...##.##.##..#
#.#....#.#......#
...#...#.#......###
.#..................
.....................
...#..##.#............


You could see 2 wights.

Vanquished Creatures
  Sigmund (D:5)
  3 water moccasins
  An ogre (D:5)
  2 scorpions
  A gnoll bouda (D:5)
  An orc priest (D:5)
  An orc wizard (D:5)
  Ijyb (D:4)
  5 adders
  7 gnolls (D:5)
  A worm (D:3)
  6 dart slugs
  7 orcs
  4 endoplasms
  A giant cockroach (D:4)
  5 goblins (D:1)
  6 hobgoblins
  5 jackals
  2 quokkas
  4 ball pythons
  3 bats
  3 frilled lizards
  3 kobolds (D:1)
  6 rats
79 creatures vanquished.

Notes
Turn   | Place    | Note
-------+----------+-------------------------------------------
     0 | D:1      | BigDaddyOpFi the Demonspawn Fighter began the quest for the
                  | Orb.
     0 | D:1      | Reached XP level 1. HP: 18/18 MP: 1/1
   257 | D:1      | Discovered your monstrous ancestry.
   257 | D:1      | Gained mutation: You have sharp fingernails. [demonic
                  | ancestry]
   257 | D:1      | Reached XP level 2. HP: 21/24 MP: 2/2
  1108 | D:2      | Gained mutation: You have a pair of small horns on your
                  | head. [demonic ancestry]
  1108 | D:2      | Reached XP level 3. HP: 29/29 MP: 3/3
  2314 | D:4      | Gained mutation: You have a pair of horns on your head.
                  | [demonic ancestry]
  2314 | D:4      | Reached XP level 4. HP: 35/35 MP: 4/4
  2519 | D:4      | Noticed Ijyb
  2527 | D:4      | Killed Ijyb
  2704 | D:4      | Noticed a scorpion
  2706 | D:4      | Killed a scorpion
  2707 | D:4      | Gained mutation: You have a pair of large horns on your
                  | head. [demonic ancestry]
  2707 | D:4      | Reached XP level 5. HP: 42/42 MP: 5/5
  3053 | D:5      | Entered Level 5 of the Dungeon
  3109 | D:5      | Reached skill level 4 in Fighting
  3167 | D:5      | Noticed a water moccasin
  3176 | D:5      | Killed a water moccasin
  3177 | D:5      | Reached XP level 6. HP: 47/49 MP: 6/6
  3219 | D:5      | Noticed Sigmund
  3230 | D:5      | Killed Sigmund
  3231 | D:5      | Reached XP level 7. HP: 40/55 MP: 7/7
  3424 | D:5      | Reached skill level 5 in Fighting
  4458 | D:6      | Mangled by a wight

Illustrated notes

Levels and vault maps discovered:
D:1:      dpeg_arrival_subterranean_lakeside_camping, layout_basic,
          serial_corexii_hall, corexii_hall_statues_l, corexii_hall_statues_l,
          kennysheep_flooded_box, minmay_pentomino_s2
D:2:      layout_loops_corners
D:3:      layout_basic
D:4:      layout_loops_ring, minmay_misc_feat_room,
          chequers_serial_rivers_small_a, uniq_ijyb
D:5:      layout_basic, uniq_sigmund
D:6:      layout_basic, uniq_pikel, uniq_maggie, uniq_crazy_yiuf_cottage,
          uniq_menkaure, uniq_blork_the_orc

Skill      XL: |  1  2  3  4  5  6  7 |
---------------+----------------------+-----
Axes           | 2 3 4 |  4.4
Shields        | 3 4 |  4.9
Armour         | 3 4 |  4.9
Fighting       | 4 5 |  5.4

Action                     |  1- 3 |  4- 6 |  7- 9 || total
---------------------------+-------+-------+-------++-------
  Melee: War axe           |   108 |    47 |    64 ||   219
         Headbutt          |     7 |     7 |    12 ||    26
  Evoke: Wand              |       |     2 |     2 ||     4
    Use: Potion            |     1 |     5 |     5 ||    11
         Scroll            |       |     9 |     1 ||    10
 Armour: Scale mail        |    51 |     4 |       ||    55
         Chain mail        |       |    20 |    42 ||    62
  Dodge: Dodged            |    43 |    11 |    21 ||    75
  Block: Buckler           |    23 |    14 |    10 ||    47
         Kite shield       |       |       |    12 ||    12

Table legend: (Time is in decaauts)
 A = Elapsed time spent in this place.
 B = Non-inter-level travel time spent in this place.
 C = Inter-level travel time spent in this place.
 D = Time resting spent in this place.
 E = Time spent auto-exploring this place.
 F = Levels seen in this place.
 G = Mean time per level.
                   A        B        C        D        E       F      G
               +--------+--------+--------+--------+--------+-----+--------+
         Total |   4560 |   4312 |    248 |    186 |   3473 |   6 |  760.0 |
       Dungeon |   4560 |   4312 |    248 |    186 |   3473 |   6 |  760.0 |
               +--------+--------+--------+--------+--------+-----+--------+

Top non-repeatable levels by time:
     D:5: 1295 daAuts
     D:1: 869 daAuts
     D:4: 836 daAuts
     D:2: 821 daAuts
     D:3: 581 daAuts
     D:6: 155 daAuts
